 Dungeon Crawl Stone Soup version 0.22.0 (webtiles) character file.

39377 Chiseanne the Peltast (level 13, -22/113 HPs)
             Began as a Minotaur Fighter on Aug 11, 2018.
             Was a High Priest of Okawaru.
             Killed from afar by a shock serpent (31 damage)
             ... with a bolt of electricity
             ... on level 2 of the Snake Pit.
             The game lasted 00:55:54 (10406 turns).

Chiseanne the Peltast (Minotaur Fighter)           Turns: 10406, Time: 00:55:54

Health: -22/113    AC: 14    Str: 29    XL:     13   Next: 68%
Magic:  13/20      EV: 14    Int:  5    God:    Okawaru [*****.]
Gold:   342        SH: 30    Dex: 16    Spells: 12/12 levels left

rFire    . . .     SeeInvis .   a - +2 war axe "Sedesko" {protect, Str+4}
rCold    . . .     Gourm    .   r - +0 large shield
rNeg     . . .     Faith    .   G - +0 troll leather armour
rPois    .         Spirit   .   K - +0 hat {god gift}
rElec    .         Reflect  +   D - +0 cloak
rCorr    .         Harm     .   (no gloves)
MR       .....                  (no boots)
Stlth    +++.......             c - +5 amulet of reflection
HPRegen  0.68/turn              (no ring)
MPRegen  0.17/turn              H - ring of Ykueghuaw {Str+2 Dex+3}

@: heroism, finesse, protection aura
A: retaliatory headbutt, horns 2
a: Heroism, Finesse, Renounce Religion


You were on level 2 of the Snake Pit.
You worshipped Okawaru.
Okawaru was extremely pleased with you.
You were hungry.

You visited 4 branches of the dungeon, and saw 18 of its levels.
You also visited: Sewer.

You collected 784 gold pieces.
You spent 442 gold pieces at shops.

Inventory:

Hand Weapons
 a - the +2 war axe "Sedesko" (weapon) {protect, Str+4}
   (You bought it in a shop on level 10 of the Dungeon)

   It protects the one who uses it against injury (+AC on strike).
   It affects your strength (+4).
 d - the +11 flail "Goblinslayer" {pain, *Corrode rN+ Int+3}
   (You bought it in a shop on level 10 of the Dungeon)

   In the hands of one skilled in necromantic magic, it inflicts extra damage on
   living creatures.
   It affects your intelligence (+3).
   It protects you from negative energy.
   It may corrode you when you take damage.
 e - a +1 fustibalus of flaming {god gift}
 f - a +3 broad axe of flaming {god gift}
 s - a +3 flail of protection
 w - a +0 blowgun
 L - the cursed +1 trident "Tagenuogy" {pierce, *Noise +Fly rF- rN+++, unknown}
   (You found it on level 2 of the Snake Pit)

   It inflicts extra damage upon your enemies.
   It makes you vulnerable to fire.
   It renders you almost immune to negative energy.
   It lets you fly.
   It may make noises in combat.
   It has a curse placed upon it.
 O - a +3 flail of protection
Missiles
 i - 75 sling bullets
 j - 122 bolts
 n - 31 poisoned needles
 u - 3 tomahawks (quivered)
 A - 4 javelins
Armour
 r - a +0 large shield (worn)
 D - a +0 cloak (worn)
 F - +0 acid dragon scales
 G - a +0 troll leather armour (worn)
 K - a +0 hat (worn) {god gift}
Jewellery
 c - a +5 amulet of reflection (around neck)
 y - an uncursed ring of flight
 B - an uncursed ring of ice
 H - the ring of Ykueghuaw (right hand) {Str+2 Dex+3}
   (You found it on level 10 of the Dungeon)

   [ring of dexterity]

   It affects your strength (+2).
   It affects your dexterity (+3).
 J - an uncursed ring of fire
Wands
 l - a wand of disintegration (6)
 z - a wand of scattershot (6)
 E - a wand of digging (8)
Scrolls
 g - 5 scrolls of remove curse
 p - 3 scrolls of magic mapping
 t - 3 scrolls of fog
 x - 4 scrolls of teleportation
 I - 2 scrolls of identify
Potions
 h - 3 potions of brilliance
 k - 3 potions of magic
 m - 3 potions of heal wounds
 o - 2 potions of curing
 q - 2 potions of flight
 v - a potion of haste
 C - a potion of cancellation
 M - a potion of ambrosia
Comestibles
 b - 3 chunks of flesh
 N - 18 rations


   Skills:
 - Level 10.0(15.0) Fighting
 * Level 15.8(20.8) Axes
 - Level 6.0(11.0) Armour
 * Level 16.0(21.0) Shields
 * Level 10.9 Invocations


You had 12 spell levels left.
You didn't know any spells.
Your spell library contained the following spells:

 Spells                   Type           Power        Failure   Level  Hunger
 Magic Dart               Conj           #...         69%         1    ##.....
 Apportation              Tloc           #.....       69%         1    ##.....
 Conjure Flame            Conj/Fire      #.......     96%         3    ####...
 Slow                     Hex            #.......     83%         2    ###....
 Freezing Cloud           Conj/Ice/Air   #.........   100%        6    #######
 Mephitic Cloud           Conj/Pois/Air  #.......     96%         3    ####...
 Ring of Flames           Chrm/Fire      #.........   100%        7    #######
 Venom Bolt               Conj/Pois      #.........   100%        5    ######.
 Olgreb's Toxic Radiance  Pois           #.......     100%        4    #####..
 Summon Small Mammal      Summ           #...         69%         1    ##.....
 Blink                    Tloc           N/A          83%         2    ###....
 Animate Skeleton         Necr           N/A          69%         1    ##.....
 Call Imp                 Summ           #.......     83%         2    ###....
 Sting                    Conj/Pois      #...         69%         1    ##.....
 Deflect Missiles         Chrm/Air       #.........   100%        6    #######
 Confusing Touch          Hex            #.....       69%         1    ##.....
 Silence                  Hex/Air        #.........   100%        5    ######.
 Conjure Ball Lightning   Conj/Air       #.........   100%        6    #######
 Tornado                  Air            #.........   100%        9    #######
 Summon Lightning Spire   Summ/Air       #.......     100%        4    #####..
 Poisonous Vapours        Pois/Air       #.....       83%         2    ###....


Dungeon Overview and Level Annotations

Branches:
Dungeon (12/15)            Temple (1/1) D:7            Lair (3/6) D:8
  Snake (2/4) Lair:3
  Swamp: Lair:2-4    Shoals: Lair:2-4       Orc: D:9-12

Altars:
Ashenzari
Cheibriados
Dithmenos
Elyvilon
Fedhas
Gozag
Hepliaklqana
Kikubaaqudgha
Makhleb
Nemelex Xobeh
Okawaru
Qazlal
Ru
Trog
Uskayaw
Vehumet
Wu Jian
Xom
Yredelemnul
Zin
The Shining One

Shops:
D:10 (

Annotations:
Lair:2 exclusion: upstairs


Innate Abilities, Weirdness & Mutations

You reflexively headbutt those who attack you in melee.
You have a pair of horns on your head.


Message History

The bolt of electricity misses you.
The shock serpent shoots out a bolt of lightning at you!
The bolt of electricity hits you! x2
The bolt of electricity hits the shock serpent.
The shock serpent completely resists.
You slash the shock serpent!
Your weapon exudes an aura of protection.
Your headbutt misses the shock serpent.
The shock serpent is lightly wounded.
The shock serpent's electric aura discharges, shocking you!
The shock serpent shoots out a bolt of lightning at you!
The bolt of electricity hits you! x2
The bolt of electricity hits the shock serpent.
The shock serpent completely resists.
You can now deal lightning-fast blows.
The shock serpent shoots out a bolt of lightning at you!
The bolt of electricity hits you!
* * * LOW HITPOINT WARNING * * *
The bolt of electricity hits you!
You die...

#......# #... ## #......
#.....## #### ..##......
S##...### #####
..######.
.....###...######.# #)
#...#......)..##.######.
#.......................
#......####.......####.
####....###...###.....#
##.@S...#### #.##...
#......... ...#...
###.....## .......
##...... ........
####### ####.... ##..
##. #. #.


You could see a shock serpent.

Vanquished Creatures
  A nagaraja (Snake:2)
  Fannar (Lair:3)
  3 naga warriors
  3 hydras
  8 anacondas
  3 two-headed ogres
  A centaur warrior (D:12)
  2 shock serpents (Snake:2)
  A naga sharpshooter (Snake:2)
  An unseen horror (D:10)
  A naga ritualist (Snake:1)
  A wizard (D:12)
  A mana viper (Snake:2)
  An ugly thing (D:12)
  A salamander (Snake:1)
  A guardian serpent (Snake:1)
  7 black mambas
  4 naga magi
  Psyche (D:9)
  A spiny frog (Lair:3)
  3 centaur skeletons
  A kobold demonologist (D:12)
  2 komodo dragons
  4 trolls
  4 blink frogs (Lair:3)
  5 hippogriffs
  A shadow (D:12)
  23 yaks
  2 wyverns
  A hungry ghost (D:11)
  Menkaure (D:6)
  10 nagas
  An acid dragon (D:9)
  Edmund (D:6)
  4 water moccasins (Snake:1)
  4 porcupines
  3 orc warriors
  2 sky beasts (D:11)
  Duvessa (D:4)
  An ice beast (D:10)
  A black bear (D:7)
  An eye of draining (D:11)
  3 phantoms
  A necrophage (D:4)
  7 ogres
  9 centaurs
  2 crocodiles
  2 big kobolds
  8 bullfrogs
  A gnoll sergeant (D:9)
  2 small abominations (D:12)
  Dowan (D:4)
  2 wyvern skeletons
  3 scorpions
  4 wights (D:11)
  5 howler monkeys
  11 crimson imps
  3 centaur zombies
  2 bullfrog zombies
  A quasit (D:9)
  4 hounds
  2 jellies (D:5)
  6 orc priests
  A gnoll shaman (D:9)
  2 bullfrog skeletons
  4 iguanas
  8 worker ants
  11 orc wizards
  A killer bee zombie (D:6)
  2 worker ant zombies
  12 gnolls
  14 adders
  A howler monkey skeleton (D:4)
  2 shadow imps (D:11)
  An adder zombie (D:7)
  2 worms
  A dart slug (D:2)
  3 leopard geckos
  40 orcs
  5 ball pythons
  4 giant cockroaches
  A goblin (D:1)
  5 hobgoblins
  12 jackals
  16 kobolds
  3 quokkas
  7 bats
  6 frilled lizards
  2 jackal skeletons
  2 leopard gecko skeletons
  5 rats
  8 plants
379 creatures vanquished.

Vanquished Creatures (collateral kills)
  A hydra (D:9)
  A hound skeleton (D:9)
2 creatures vanquished.

Vanquished Creatures (others)
  A yak (D:11)
  A centaur (D:9)
  A howler monkey skeleton (D:11)
  An adder (D:11)
  A kobold (D:11)
  A plant (D:8)
6 creatures vanquished.

Grand Total: 387 creatures vanquished

Notes
Turn   | Place    | Note
-------+----------+-------------------------------------------
     0 | D:1      | Chiseanne the Minotaur Fighter began the quest for the Orb.
     0 | D:1      | Reached XP level 1. HP: 19/19 MP: 0/0
    67 | D:1      | Reached XP level 2. HP: 22/27 MP: 1/1
   138 | D:1      | Reached skill level 4 in Shields
   281 | D:2      | Reached XP level 3. HP: 21/33 MP: 2/2
   703 | D:3      | Found a glowing drain.
   720 | Sewer    | Entered a sewer
   813 | Sewer    | Reached XP level 4. HP: 28/41 MP: 3/3
  1256 | D:4      | Noticed a phantom
  1517 | D:4      | Found an ornate altar of the Wu Jian Council.
  1547 | D:4      | Reached skill level 5 in Fighting
  1547 | D:4      | Reached skill level 5 in Shields
  1547 | D:4      | Reached XP level 5. HP: 23/48 MP: 4/4
  1620 | D:4      | Killed a phantom
  1937 | D:4      | Reached XP level 6. HP: 55/56 MP: 5/5
  1964 | D:4      | Reached skill level 5 in Axes
  1968 | D:4      | Found a glowing silver altar of Zin.
  1970 | D:4      | Found a basalt altar of Yredelemnul.
  2133 | D:4      | Reached skill level 6 in Shields
  2140 | D:4      | Noticed Dowan
  2141 | D:4      | Noticed Duvessa
  2149 | D:4      | Killed Duvessa
  2149 | D:4      | Reached XP level 7. HP: 40/64 MP: 6/6
  2149 | D:4      | Killed Dowan
  2472 | D:5      | Entered Level 5 of the Dungeon
  2718 | D:5      | Reached skill level 7 in Shields
  2851 | D:5      | Reached XP level 8. HP: 72/73 MP: 7/7
  3432 | D:6      | Noticed Menkaure
  3432 | D:6      | Noticed Edmund
  3440 | D:6      | Killed Edmund
  3440 | D:6      | Reached skill level 8 in Shields
  3443 | D:6      | Killed Menkaure
  4213 | D:7      | Reached skill level 9 in Shields
  4213 | D:7      | Reached XP level 9. HP: 55/83 MP: 8/8
  4364 | D:7      | Found a staircase to the Ecumenical Temple.
  4369 | Temple   | Entered the Ecumenical Temple
  4376 | Temple   | Became a worshipper of Warmaster Okawaru
  4847 | D:8      | Found a staircase to the Lair.
  4848 | D:8      | Noticed a komodo dragon
  4868 | D:8      | Killed a komodo dragon
  5047 | D:8      | Reached * piety under Okawaru
  5088 | D:9      | Reached skill level 10 in Fighting
  5088 | D:9      | Reached skill level 10 in Shields
  5193 | D:9      | Noticed a two-headed ogre
  5210 | D:9      | Killed a two-headed ogre
  5210 | D:9      | Reached ** piety under Okawaru
  5210 | D:9      | Reached skill level 10 in Axes
  5210 | D:9      | Reached skill level 5 in Armour
  5210 | D:9      | Reached XP level 10. HP: 76/93 MP: 9/9
  5223 | D:9      | Found a burning altar of Makhleb.
  5303 | D:9      | Noticed a seven-headed hydra
  5307 | D:9      | Killed a seven-headed hydra
  5513 | D:9      | Noticed Psyche
  5519 | D:9      | Killed Psyche
  5519 | D:9      | Reached *** piety under Okawaru
  5519 | D:9      | Reached skill level 11 in Shields
  5519 | D:9      | Reached skill level 1 in Invocations
  5694 | D:9      | Reached **** piety under Okawaru
  5845 | D:10     | Entered Level 10 of the Dungeon
  5980 | D:10     | Found Syfrae's Antique Weapon Boutique.
  5994 | D:10     | Bought a scorched war axe for 221 gold pieces
  5995 | D:10     | Identified the cursed +2 war axe "Sedesko" {protect, Str+4} (You bought it in a shop on level 10 of the Dungeon)
  6123 | D:10     | Killed an unseen horror
  6123 | D:10     | Reached skill level 12 in Shields
  6228 | D:10     | Got a crude iron ring
  6232 | D:10     | Identified the ring of Ykueghuaw {Str+2 Dex+3} (You found it on level 10 of the Dungeon)
  6254 | D:10     | Reached XP level 11. HP: 99/99 MP: 13/13
  6401 | D:11     | Reached ***** piety under Okawaru
  6407 | D:11     | Found a shimmering altar of Xom.
  6411 | D:11     | Noticed a five-headed hydra
  6515 | D:11     | Reached skill level 5 in Invocations
  6540 | D:11     | Killed a five-headed hydra
  6700 | D:11     | Noticed a seven-headed hydra
  6720 | D:11     | Killed a seven-headed hydra
  6833 | D:11     | Received a gift from Okawaru
  7122 | D:10     | Bought an encrusted flail for 221 gold pieces
  7123 | D:10     | Identified the +11 flail "Goblinslayer" {pain, *Corrode rN+ Int+3} (You bought it in a shop on level 10 of the Dungeon)
  7228 | D:12     | Noticed a two-headed ogre
  7235 | D:12     | Killed a two-headed ogre
  7235 | D:12     | Reached skill level 13 in Shields
  7317 | D:12     | Noticed a centaur warrior
  7320 | D:12     | Noticed a green ugly thing
  7323 | D:12     | Killed a centaur warrior
  7336 | D:12     | Killed a green ugly thing
  7379 | D:12     | Found the +6 shillelagh "Devastator" {shatter}
  7412 | D:12     | Noticed an eight-headed hydra
  7561 | D:12     | Noticed a wizard
  7569 | D:12     | Killed a wizard
  7569 | D:12     | Received a gift from Okawaru
  7571 | D:12     | Reached XP level 12. HP: 68/106 MP: 16/16
  7650 | D:12     | Noticed a two-headed ogre
  7658 | D:12     | Killed a two-headed ogre
  7811 | D:12     | Killed an eight-headed hydra
  8114 | Lair:1   | Entered Level 1 of the Lair of Beasts
  8171 | Lair:1   | Reached skill level 14 in Shields
  8585 | Lair:3   | Noticed Fannar
  8604 | Lair:3   | Killed Fannar
  8726 | Lair:3   | Reached ****** piety under Okawaru
  8747 | Lair:3   | Received a gift from Okawaru
  8768 | Lair:3   | Found a staircase to the Snake Pit.
  8905 | Snake:1  | Entered Level 1 of the Snake Pit
  8908 | Snake:1  | Noticed a naga warrior
  9119 | Snake:1  | Killed a naga warrior
  9140 | Snake:1  | Noticed an anaconda
  9232 | Snake:1  | Noticed an anaconda
  9243 | Snake:1  | Killed an anaconda
  9243 | Snake:1  | Reached skill level 15 in Shields
  9247 | Snake:1  | Reached XP level 13. HP: 88/113 MP: 19/19
  9401 | Snake:1  | Received a gift from Okawaru
  9401 | Snake:1  | Reached skill level 15 in Axes
  9591 | Snake:1  | Reached skill level 10 in Invocations
  9933 | Snake:2  | Noticed a nagaraja
  9935 | Snake:2  | Killed a nagaraja
 10138 | Snake:2  | Got an iridescent trident
 10212 | Snake:2  | Reached skill level 16 in Shields
 10406 | Snake:2  | Killed from afar by a shock serpent

Skill      XL: |  1  2  3  4  5  6  7  8  9 10 11 12 13 |
---------------+----------------------------------------+-----
Shields        | 4 5 6 7 9 10 12 13 15 16 | 16.0
Fighting       | 4 5 6 7 9 10 | 10.0
Axes           | 3 4 5 6 8 10 11 13 14 15 | 15.8
Armour         | 5 6 |  6.0
Invocations    | 4 7 9 10 | 10.9

Action                   |  1- 3 |  4- 6 |  7- 9 | 10-12 | 13-15 || total
-------------------------+-------+-------+-------+-------+-------++-------
Melee: War axe           |    94 |   150 |   277 |   391 |   132 ||  1044
       Headbutt          |    19 |    29 |    56 |   150 |    37 ||   291
       Flail             |       |       |       |   145 |    17 ||   162
Invok: Heroism           |       |       |       |    10 |     8 ||    18
       Finesse           |       |       |       |     4 |     3 ||     7
Evoke: Wand              |       |       |     2 |    11 |     1 ||    14
       Phantom mirror    |       |       |       |     1 |       ||     1
  Use: Scroll            |     4 |     2 |    14 |     7 |     2 ||    29
       Potion            |       |     1 |     1 |     3 |     2 ||     7
 Stab: Distracted        |       |       |       |       |     1 ||     1
       Sleeping          |       |       |       |       |     1 ||     1
  Eat: Chunk             |       |     5 |    10 |    10 |     4 ||    29
       Ration            |       |       |       |     1 |       ||     1
Armor: Scale mail        |    66 |    36 |    50 |    26 |       ||   178
       Troll leather arm |       |       |       |    82 |    14 ||    96
Dodge: Dodged            |    40 |    40 |    57 |   109 |    19 ||   265
Block: Shield            |    55 |    80 |   141 |       |       ||   276
       Reflection        |       |     4 |    12 |    30 |    20 ||    66
       Large shield      |       |       |    43 |   687 |   174 ||   904
